 Dungeon Sprint DCSS version 0.28-a0-872-g80cf8599ee (webtiles) character file.

Game seed: 10419173568915807976

70 tatocazan the Digger (level 4, -2/42 HPs)
             Began as a Troll Earth Elementalist on Nov 20, 2021.
             Was an Initiate of Sif Muna.
             Slain by an orc warrior (17 damage)
             ... in the Dungeon (Sprint IX: "|||||||||||||||||||||||||||||").
             The game lasted 00:01:43 (282 turns).

tatocazan the Digger (Troll Earth Elementalist)      Turns: 282, Time: 00:01:44

Health: -2/42      AC:  6    Str: 16    XL:     4   Next: 4%
Magic:  5/6        EV: 10    Int: 12    God:    Sif Muna [......]
Gold:   0          SH:  0    Dex: 13    Spells: 6/7 levels left

rFire   . . .      SeeInvis .   (no weapon)
rCold   . . .      Faith    .   (no shield)
rNeg    . . .      Spirit   .   b - +0 robe
rPois   .          Reflect  .   (helmet restricted)
rElec   .          Harm     .   (no cloak)
rCorr   .          Rampage  .   (gloves unavailable)
Will    .....      NoTele   +   (boots unavailable)
Stlth   ++........              (no amulet)
HPRegen 1.14/turn               k - +3 ring of dexterity
MPRegen 0.10/turn               l - +2 ring of protection

@: hasted, very quick
A: large, unfitting armour, claws 3, regeneration 1, shaggy fur 1, tough skin 1
a: Renounce Religion


You were in the Dungeon.
You worshipped Sif Muna.
Sif Muna was noncommittal.
You visited 1 branch

Inventory:

Missiles
 i - 25 stones
Armour
 b - a +0 robe (worn)
Jewellery
 k - a +3 ring of dexterity (left claw)
 l - a +2 ring of protection (right claw)
Wands
 j - a wand of iceblast (10)
Scrolls
 g - 2 scrolls of amnesia
 h - 2 scrolls of blinking
Potions
 a - a potion of invisibility
 c - 5 potions of curing
 d - 3 potions of heal wounds
 f - 4 potions of magic


   Skills:
 + Level 1.9 Fighting
 - Level 2.9 Dodging
 - Level 2.1 Stealth
 + Level 2.2 Spellcasting
 + Level 2.2 Transmutations
 * Level 4.5 Earth Magic
 + Level 0.0 Invocations


You had 6 spell levels left.
You knew the following spells:

 Your Spells              Type           Power      Damage    Failure   Level
a - Sandblast             Erth           24%        2d8       4%          1

Your spell library contained the following spells:

 Spells                   Type           Power      Damage    Failure   Level
 Passwall                 Tmut/Erth      7%         N/A       10%         2
 Stone Arrow              Conj/Erth      12%        3d7       30%         3
 Petrify                  Tmut/Erth      9%         N/A       54%         4


Dungeon Overview and Level Annotations

Branches:
Dungeon (1/1)

Altars:
Cheibriados
Dithmenos
Elyvilon
Fedhas
Gozag
Hepliaklqana
Kikubaaqudgha
Makhleb
Nemelex Xobeh
Okawaru
Qazlal
Ru
Sif Muna
Trog
Uskayaw
Vehumet
Wu Jian
Xom
Yredelemnul
Zin
The Shining One
Beogh
Jiyva
Lugonu


Innate Abilities, Weirdness & Mutations

You are too large for most types of armour.
You have claws for hands.
Your natural rate of healing is unusually fast.
You are covered in fur. (AC +1)
You have tough skin. (AC +1)


Message History

Confirm with . or Enter, or press ? or * to list all spells.
Aiming: Sandblast (safe; 4% risk of failure)
Press: ? - help, Shift-Dir - straight line, f/p - orc warrior
Aim: an orc warrior, wielding a +0 battleaxe and wearing a +0 plate armour (79% to hit)
The blast of sand hits the orc warrior but does no damage.
The orc warrior hits you with a +0 battleaxe.
You take 1 damage, and have 41/42 hp.
You now have 4/6 mp.
You scratch the orc warrior.
The orc warrior is lightly wounded.
The orc warrior hits you with a +0 battleaxe!
You take 12 damage, and have 29/42 hp.
MASSIVE DAMAGE!!
You scratch the orc warrior but do no damage.
The orc warrior is lightly wounded.
The orc warrior closely misses you.
You regained 2 hp, and now have 31/42 hp.
You barely miss the orc warrior.
The orc warrior is lightly wounded.
The orc warrior hits you with a +0 battleaxe.
You take 5 damage, and have 26/42 hp.
You see here a +0 plate armour.
You see here a +0 pair of boots.
You see here a +0 pair of boots.
Items here: )))))).
You regained 2 hp, and now have 33/42 hp.
You feel yourself speed up. The orc warrior barely misses you.
You closely miss the orc warrior. The orc warrior completely misses you.
You barely miss the orc warrior.
The orc warrior hits you with a +0 battleaxe!
You take 13 damage, and have 22/42 hp.
MASSIVE DAMAGE!!
You barely miss the orc warrior. You scratch the orc warrior.
The orc warrior is lightly wounded.
The orc warrior hits you with a +0 battleaxe!
You take 9 damage, and have 14/42 hp.
MASSIVE DAMAGE!!
You scratch the orc warrior.
The orc warrior is moderately wounded.
You claw the orc warrior!
The orc warrior is heavily wounded.
The orc warrior hits you with a +0 battleaxe!
You die... ▓▓▓▓▓▓▓▓▓▓▓▓▓▓▓▓▓▓▓▓▓▓▓▓▓▓▓▓▓▓ _____________'..@oTTgYD'....D. ▓▓▓▓▓▓▓▓▓▓▓▓▓▓▓▓▓▓▓▓▓▓▓▓▓▓▓▓▓▓

You could see a yak, 2 trolls, an orc warrior, an acid dragon and a gnoll sergeant.

Vanquished Creatures
  A hound (D)
  A gnoll shaman (D)
  An adder zombie (D)
  An orc (D)
  An endoplasm (D)
  2 hobgoblins (D)
  A ball python (D)
  A ball python skeleton (D)
  A bat (D)
10 creatures vanquished.

Notes
Turn   | Place    | Note
-------+----------+-------------------------------------------
     0 | D        | tatocazan the Troll Earth Elementalist began the quest for
                  | the Orb.
     0 | D        | Reached XP level 1. HP: 16/16 MP: 1/1
     9 | D        | Reached skill level 1 in Transmutations
    10 | D        | Reached skill level 3 in Earth Magic
    35 | D        | Noticed a hound
    35 | D        | Noticed a gnoll shaman
    51 | D        | Killed a hound
    52 | D        | Reached skill level 1 in Fighting
    52 | D        | Reached skill level 4 in Earth Magic
    52 | D        | Reached XP level 2. HP: 26/27 MP: 0/4
    52 | D        | Reached XP level 3. HP: 31/33 MP: 0/5
    63 | D        | Reached XP level 4. HP: 42/42 MP: 1/6
   211 | D        | Found a snail-covered altar of Cheibriados.
   211 | D        | Found a shadowy altar of Dithmenos.
   211 | D        | Found a white marble altar of Elyvilon.
   211 | D        | Found a blossoming altar of Fedhas.
   211 | D        | Found an opulent altar of Gozag.
   212 | D        | Found a hazy altar of Hepliaklqana.
   213 | D        | Found a viscous altar of Jiyva.
   214 | D        | Found an ancient bone altar of Kikubaaqudgha.
   215 | D        | Found a corrupted altar of Lugonu.
   216 | D        | Found a burning altar of Makhleb.
   217 | D        | Found a sparkling altar of Nemelex Xobeh.
   218 | D        | Found an iron altar of Okawaru.
   219 | D        | Found a stormy altar of Qazlal.
   220 | D        | Found a sacrificial altar of Ru.
   221 | D        | Found a shimmering blue altar of Sif Muna.
   222 | D        | Found a bloodstained altar of Trog.
   223 | D        | Found a hide-covered altar of Uskayaw.
   224 | D        | Found a radiant altar of Vehumet.
   225 | D        | Found an ornate altar of the Wu Jian Council.
   226 | D        | Found a shimmering altar of Xom.
   227 | D        | Found a basalt altar of Yredelemnul.
   228 | D        | Found a glowing silver altar of Zin.
   229 | D        | Found a glowing golden altar of the Shining One.
   237 | D        | Became a worshipper of Sif Muna the Loreminder
   264 | D        | Noticed an orc warrior
   264 | D        | Noticed a troll
   264 | D        | Noticed a troll
   264 | D        | Noticed a gnoll sergeant
   264 | D        | Noticed a yak
   264 | D        | Noticed an acid dragon
   282 | D        | Slain by an orc warrior

Illustrated notes

Levels and vault maps discovered:
D:        linesprint [early_d, line_temple, items_1, d_10, items_2, lair_1,
          lair_end, items_3, orc_1, orc_end, items_4, d_15, swamp_1, shoals_1,
          snake_1, spider_1, d_20, vaults_1, items_5, swamp_end, shoals_end,
          snake_end, spider_end, vaults_end, d_27, items_6, zot_1, zot_end,
          crypt_end, forest_end, elf_end, slime_end, tomb_end, abyss_end,
          pan_hell_end]

Skill      XL: |  1  2  3 |
---------------+----------+-----
Transmutations | 1 2 |  2.2
Earth Magic    | 4 |  4.5
Dodging        | 2 |  2.9
Fighting       | 1 |  1.9
Spellcasting   | 2 |  2.2
Stealth        | 2 |  2.1

Action                   |  1- 3 |  4- 6 || total
-------------------------+-------+-------++-------
Melee: Unarmed           |    23 |     9 ||    32
 Cast: Sandblast         |     3 |     2 ||     5
  Use: Potion            |     1 |     1 ||     2
Armor: Robe              |     3 |       ||     3
Dodge: Dodged            |    11 |     4 ||    15

Table legend: (Time is in decaauts)
 A = Elapsed time spent in this place.
 B = Non-inter-level travel time spent in this place.
 C = Inter-level travel time spent in this place.
 D = Time resting spent in this place.
 E = Time spent auto-exploring this place.
 F = Levels seen in this place.
 G = Mean time per level.
                   A        B        C        D        E       F      G
               +--------+--------+--------+--------+--------+-----+--------+
         Total |    281 |    281 |      0 |    158 |      3 |   1 |  281.0 |
       Dungeon |    281 |    281 |      0 |    158 |      3 |   1 |  281.0 |
               +--------+--------+--------+--------+--------+-----+--------+

Top non-repeatable levels by time:
       D: 281 daAuts
